 Dungeon Crawl Stone Soup version 0.24-a0-378-g94936e539c (webtiles) character file.

Game seed: 211499979720238471

37878 ohad the Transmogrifier (level 13, -2/103 HPs)
             Began as an Octopode Transmuter on June 2, 2019.
             Was an Initiate of Gozag.
             Slain by a death yak (13 damage)
             ... on level 6 of the Lair of Beasts.
             The game lasted 01:07:17 (24444 turns).

ohad the Transmogrifier (Octopode Transmuter)      Turns: 24444, Time: 01:07:18

Health: -2/103     AC:  9    Str: 12    XL:     13   Next: 99%
Magic:  24/29      EV: 15    Int: 20    God:    Gozag
Gold:   1361       SH:  0    Dex: 17    Spells: 6/30 levels left

rFire    x . .     SeeInvis .     - Unarmed
rCold    + + +     Gourm    .   (shield currently unavailable)
rNeg     + . .     Faith    .   (helmet currently unavailable)
rPois    +         Spirit   .   K - amulet "Veliety" {+Rage rN+ Str+3}
rElec    .         Reflect  .   L - ring of protection from cold
rCorr    .         Harm     .   O - +2 ring of protection
MR       .....                  U - ring of wizardry
Stlth    ++........             S - +4 ring of dexterity
HPRegen  0.27/turn              (no ring)
MPRegen  0.21/turn              (no ring)
                                (no ring)
                                (no ring)

@: about to teleport, ice-form, gold aura, slowed, very slow
A: large, almost no armour, stealthy swim, amphibious, 8 rings, (constrict 8),
blurry vision 1, high mp 1
a: End Transformation, Potion Petition, Call Merchant, Bribe Branch, Renounce
Religion, Evoke Berserk Rage


You were on level 6 of the Lair of Beasts.
You worshipped Gozag.
Gozag was most pleased with you.
You were not hungry.
You were a creature of crystalline ice.
You visited 2 branches of the dungeon, and saw 17 of its levels.
You also visited: Ice Cave.

You collected 4951 gold pieces.
You spent 1735 gold pieces at shops.
You paid 1855 gold pieces to Gozag.

Inventory:

Missiles
 a - 70 arrows
 m - 58 poisoned darts (quivered)
 o - 10 boomerangs
 p - 6 silver boomerangs
 v - 6 datura-tipped darts
Armour
 E - a +0 hat of magic resistance (melded)
 M - a +0 large shield
Jewellery
 F - an uncursed amulet of the acrobat
 I - the ring "Fiteidup" {-Tele MR+ Str+3 Stlth+}
   (You found it on level 10 of the Dungeon)

   [ring of protection from magic]

   It affects your strength (+3).
   It affects your resistance to hostile enchantments.
   It prevents most forms of teleportation.
   It makes you more stealthy.
 K - the amulet "Veliety" (around neck) {+Rage rN+ Str+3}
   (You found it on level 10 of the Dungeon)

   [amulet of rage]

   It affects your strength (+3).
   It protects you from negative energy.
   It lets you go berserk.
 L - a ring of protection from cold (left front paw)
 O - a +2 ring of protection (right front paw)
 R - an uncursed ring of ice
 S - a +4 ring of dexterity (on tentacle)
 U - a ring of wizardry (on tentacle)
Wands
 r - a wand of acid (10)
 y - a wand of flame (16)
 z - a wand of random effects (55)
 G - a wand of paralysis (7)
 H - a wand of disintegration (9)
 J - a wand of iceblast (6)
 Q - a wand of polymorph (10)
Scrolls
 b - 3 scrolls of remove curse
 e - 4 scrolls of identify
 j - 3 scrolls of amnesia
 k - 2 scrolls of blinking
 n - 3 scrolls of magic mapping
 q - 4 scrolls of teleportation
 t - 3 scrolls of enchant weapon
 u - 2 scrolls of fear
 C - 2 scrolls of noise
 N - a scroll of enchant armour
 P - a scroll of silence
 T - a scroll of brand weapon {unknown}
Potions
 d - a potion of brilliance
 f - 3 potions of mutation
 g - 6 potions of curing
 h - a potion of might
 i - 5 potions of haste
 l - 5 potions of lignification
 s - 2 potions of invisibility
 w - 3 potions of ambrosia
 x - 2 potions of resistance
 B - 2 potions of magic
 D - 2 potions of flight
Miscellaneous
 V - a sack of spiders
Comestibles
 c - 9 rations


   Skills:
 + Level 7.1 Fighting
 + Level 8.4 Dodging
 - Level 2.0 Stealth
 - Level 10.4 Unarmed Combat
 - Level 9.4 Spellcasting
 - Level 2.8 Charms
 - Level 11.6 Transmutations
 - Level 3.4 Ice Magic
 - Level 10.0 Earth Magic


You had 6 spell levels left.
You knew the following spells:

 Your Spells              Type           Power        Failure   Level  Hunger
a - Beastly Appendage     Tmut           ######       1%          1    None
b - Sticks to Snakes      Tmut           ######..     1%          2    None
c - Spider Form           Tmut/Pois      ####......   1%          3    None
d - Ice Form              Ice/Tmut       #####...     1%          4    ###....
e - Ozocubu's Armour      Chrm/Ice       ###.....     2%          3    None
f - Blade Hands           Tmut           ######....   1%          5    #####..
g - Statue Form           Tmut/Erth      ######...    5%          6    ######.

Your spell library contained the following spells:

 Spells                   Type           Power        Failure   Level  Hunger
 Freeze                   Ice            ###.         1%          1    None
 Throw Frost              Conj/Ice       ###...       2%          2    None
 Animate Skeleton         Necr           N/A          3%          1    None
 Apportation              Tloc           #.....       3%          1    None
 Confusing Touch          Hex            #.....       3%          1    None
 Summon Small Mammal      Summ           #...         3%          1    None
 Call Imp                 Summ           #.......     4%          2    None
 Poisonous Vapours        Pois/Air       #.....       4%          2    None
 Hydra Form               Tmut           ######....   4%          6    ######.
 Irradiate                Conj/Tmut      ####......   8%          5    #####..
 Call Canine Familiar     Summ           #.......     9%          3    None
 Conjure Flame            Conj/Fire      #.......     9%          3    None
 Mephitic Cloud           Conj/Pois/Air  #.......     9%          3    None
 Summon Guardian Golem    Hex/Summ       #.......     9%          3    None
 Summon Ice Beast         Ice/Summ       ###.....     14%         4    ###....
 Throw Icicle             Conj/Ice       ###.....     14%         4    ###....
 Summon Lightning Spire   Summ/Air       #.......     28%         4    ###....
 Freezing Cloud           Conj/Ice/Air   ##........   93%         6    ######.
 Dragon Form              Tmut           ######....   21%         7    #######
 Ring of Flames           Chrm/Fire      ###.......   100%        7    #######


Dungeon Overview and Level Annotations

Branches:
Dungeon (11/15)            Temple (0/1) D:7            Lair (6/6) D:8
  Swamp (0/4) Lair:2        Snake (0/4) Lair:2        Slime (0/5) Lair:5
    Orc: D:9-12

Altars:
Ashenzari
Cheibriados
Dithmenos
Elyvilon
Gozag
Hepliaklqana
Makhleb
Ru
Sif Muna
Uskayaw
Vehumet
Xom
Yredelemnul
The Shining One
Jiyva

Shops:
D:10 (:}:   Lair:6 =

Annotations:
Lair:1 exclusion: 2 oklob plants
Lair:2 exclusion: oklob plant


Innate Abilities, Weirdness & Mutations

You cannot wear most types of armour.
You are very stealthy in the water. (Stealth+)
You are amphibious.
You can wear up to eight rings at the same time.
((You can use your tentacles to constrict eight enemies at once.))
((Your skin changes colour to match your surroundings (Stealth+).))
((Your rubbery body absorbs attacks. (AC +1, EV +1)))
Scrolls take you a little longer to read.
((Your flesh is heat resistant. (rF+)))
You have an increased reservoir of magic. (+10% MP)
((Your system is resistant to poisons. (rPois)))


Message History

Unknown command.
Unknown command.
Your icy armour cracks and falls away as you move.
The wolf spider hits you! The wolf spider bites you!
You feel yourself speed up.
Being near the torpor snail leaves you feeling lethargic.
The wolf spider hits you!!
* * * LOW HITPOINT WARNING * * *
The wolf spider bites you!
* * * LOW HITPOINT WARNING * * *
The manticore becomes distracted by the nearby gold, dreaming of imaginary riches.
The death yak gores you.
* * * LOW HITPOINT WARNING * * *
You feel much better. The wolf spider hits you!
* * * LOW HITPOINT WARNING * * *
The wolf spider bites you but does no damage.
The wolf spider closely misses you. The wolf spider barely misses you.
The death yak gores you!
You die...
Your body crumbles into a pile of gold.

## ######## #.
#...P#.## ######
##......## ###.#...
###...#H#..###.......
#.#.........###......
#....Yw#.....##......
#P..YsF# $...##......
##..##### [..##......
#...#...# .P##......
#P..#...# ###......
#.......#### ##.....
##..#.###P.### #.##.#
#......#....# ######
##..........#
#.......#...## ### #


You could see a death yak, a torpor snail, a wolf spider, a manticore and a
spiny frog.

Vanquished Creatures
  Nessos (Lair:5)
  2 ice dragons (IceCv)
  A catoblepas (Lair:6)
  A hydra (Lair:6)
  2 two-headed ogres
  2 death yaks (Lair:6)
  Sonja (Lair:2)
  A skeletal warrior (D:11)
  3 ugly things (D:11)
  The ghost of Phong the Zephyrmancer, a novice TeAE of Sif Muna (D:7)
  2 wolf spiders (Lair:6)
  A manticore (Lair:6)
  3 black mambas
  Joseph (D:7)
  7 elephants
  2 ice statues (IceCv)
  6 spiny frogs
  6 komodo dragons
  2 rime drakes (IceCv)
  A centaur skeleton (D:10)
  2 trolls (D:10)
  5 blink frogs
  Prince Ribbit (D:6)
  10 hippogriffs
  2 dream sheep (Lair:6)
  31 yaks
  2 wyverns
  2 wraiths
  Grum (D:8)
  3 nagas (Lair:2)
  12 water moccasins
  11 porcupines
  An orc warrior (D:9)
  24 ice beasts
  3 phantoms
  7 sky beasts
  6 wolves
  5 ogres
  2 centaurs
  5 crocodiles
  2 big kobolds
  6 bullfrogs
  A wyvern zombie (D:6)
  A water moccasin skeleton (D:10)
  7 wights
  An electric eel (Lair:4)
  2 howler monkeys (D:10)
  10 crimson imps
  2 quasits
  2 bullfrog zombies
  7 hounds
  2 orc priests
  Crazy Yiuf (D:4)
  3 orc wizards
  A bullfrog skeleton (D:8)
  8 jellies
  3 iguanas
  10 worker ants
  A hound skeleton (D:10)
  4 gnolls (D:3)
  13 adders
  A shadow imp (D:10)
  6 oozes
  An adder skeleton (D:7)
  4 worms
  7 leopard geckos
  31 orcs
  2 ball pythons
  10 bats
  3 giant cockroaches
  10 goblins
  11 hobgoblins
  10 jackals
  20 kobolds
  2 quokkas
  A ball python skeleton (D:4)
  2 frilled lizards
  A quokka zombie (D:5)
  10 rats
400 creatures vanquished.

Vanquished Creatures (collateral kills)
  A hydra (Lair:2)
  An elephant (Lair:5)
  5 blink frogs
  Sigmund (D:2)
  A porcupine (Lair:3)
  An ogre (D:4)
  A wolf (Lair:2)
11 creatures vanquished.

Vanquished Creatures (others)
  2 fungi
  3 plants
5 creatures vanquished.

Grand Total: 416 creatures vanquished

Notes
Turn   | Place    | Note
-------+----------+-------------------------------------------
     0 | D:1      | ohad the Octopode Transmuter began the quest for the Orb.
     0 | D:1      | Reached XP level 1. HP: 13/13 MP: 3/3
   178 | D:1      | Reached XP level 2. HP: 15/18 MP: 5/5
   722 | D:1      | Reached XP level 3. HP: 23/23 MP: 5/7
  1450 | D:2      | Reached skill level 3 in Transmutations
  1726 | D:1      | Learned a level 2 spell: Sticks to Snakes
  1730 | D:1      | Learned a level 3 spell: Spider Form
  1982 | D:2      | Found a glowing golden altar of the Shining One.
  2182 | D:2      | Reached XP level 4. HP: 22/28 MP: 8/8
  2652 | D:2      | Noticed Sigmund
  2663 | D:2      | Killed Sigmund
  2663 | D:2      | Reached skill level 4 in Transmutations
  2663 | D:2      | Reached XP level 5. HP: 14/33 MP: 5/11
  2844 | D:2      | Reached XP level 6. HP: 28/38 MP: 12/12
  3205 | D:3      | Reached skill level 1 in Stealth
  3739 | D:3      | Learned a level 4 spell: Ice Form
  4214 | D:4      | Found a deep blue altar of Sif Muna.
  4242 | D:4      | Found a shattered altar of Ashenzari.
  4288 | D:4      | Reached skill level 1 in Ice Magic
  4636 | D:4      | HP: 2/46 [ogre/+0 giant club (18)]
  4638 | D:4      | Reached XP level 7. HP: 2/44 MP: 8/13
  4998 | D:4      | Found a sacrificial altar of Ru.
  5091 | D:4      | Found a runed translucent door.
  5093 | D:4      | Noticed Crazy Yiuf
  5142 | D:4      | Paralysed by Crazy Yiuf for 3 turns
  5146 | D:4      | Killed Crazy Yiuf
  5357 | D:4      | You fall into a shaft and drop 3 floors!
  5468 | D:7      | Found a staircase to the Ecumenical Temple.
  5498 | D:7      | Noticed a hungry ghost
  5519 | D:7      | Noticed Joseph
  5533 | D:7      | HP: 2/52 [Joseph/puff of flame (4)]
  5538 | D:7      | Killed Joseph
  5538 | D:7      | Reached skill level 5 in Spellcasting
  5538 | D:7      | Reached skill level 5 in Transmutations
  5538 | D:7      | Reached XP level 8. HP: 3/50 MP: 11/16
  5919 | D:6      | Gained mutation: Your system is resistant to poisons.
                  | (rPois) [potion of mutation]
  5919 | D:6      | Gained mutation: Scrolls take you a little longer to read.
                  | [potion of mutation]
  5919 | D:6      | Gained mutation: Your flesh is heat resistant. (rF+)
                  | [potion of mutation]
  5919 | D:6      | Gained mutation: You have an increased reservoir of magic.
                  | (+10% MP) [potion of mutation]
  6587 | D:7      | Found a hazy altar of Hepliaklqana.
  6824 | D:7      | Found a runed translucent door.
  6824 | D:7      | Noticed Phong's ghost (novice TeAE)
  6869 | D:6      | Reached skill level 5 in Unarmed Combat
  7106 | D:6      | HP: 2/62 [wyvern zombie (9)]
  7436 | D:6      | Noticed Prince Ribbit
  7446 | D:6      | Killed Prince Ribbit
  7446 | D:6      | Reached XP level 9. HP: 33/56 MP: 15/19
  7617 | D:6      | Found a hide-covered altar of Uskayaw.
  7617 | D:6      | Found a snail-covered altar of Cheibriados.
  7617 | D:6      | Found a shadowy altar of Dithmenos.
  7621 | D:6      | Found an opulent altar of Gozag.
  7633 | D:6      | Became a worshipper of Gozag Ym Sagoz the Greedy
  7681 | D:5      | Entered Level 5 of the Dungeon
  8546 | D:5      | Found a white marble altar of Elyvilon.
  8705 | D:5      | Found a basalt altar of Yredelemnul.
  9029 | D:6      | Learned a level 3 spell: Ozocubu's Armour
  9035 | D:6      | Learned a level 5 spell: Blade Hands
  9066 | D:6      | Found a burning altar of Makhleb.
  9066 | D:6      | Found a shimmering altar of Xom.
  9323 | D:7      | Reached skill level 1 in Charms
  9595 | D:7      | Killed Phong's ghost
  9595 | D:7      | Reached XP level 10. HP: 30/65 MP: 16/20
 10139 | D:8      | Found a staircase to the Lair.
 10149 | D:8      | Reached skill level 5 in Fighting
 10410 | D:8      | Noticed a two-headed ogre
 10489 | D:8      | Killed a two-headed ogre
 10489 | D:8      | Reached skill level 5 in Dodging
 10572 | D:8      | Found a shimmering altar of Xom.
 11071 | D:8      | Noticed Grum
 11082 | D:8      | Killed Grum
 11720 | D:9      | Noticed a two-headed ogre
 11733 | D:9      | Killed a two-headed ogre
 12099 | D:9      | Reached skill level 10 in Unarmed Combat
 12531 | D:9      | Found a radiant altar of Vehumet.
 12659 | D:10     | Entered Level 10 of the Dungeon
 12762 | D:10     | Reached XP level 11. HP: 69/74 MP: 16/21
 12788 | D:10     | Found Kiamn's Book Boutique.
 12798 | D:10     | Bought a book of Transfigurations for 825 gold pieces
 12850 | D:10     | Found Qerghi's Gadget Boutique.
 12881 | D:10     | Got a twitching pewter ring
 12882 | D:10     | Identified the ring "Fiteidup" {-Tele MR+ Str+3 Stlth+}
                  | (You found it on level 10 of the Dungeon)
 12907 | D:10     | Reached skill level 6 in Transmutations
 13032 | D:10     | Found Mouxtiso's Book Emporium.
 13109 | D:10     | Got a coiled tin amulet
 13111 | D:10     | Identified the amulet "Veliety" {+Rage rN+ Str+3} (You
                  | found it on level 10 of the Dungeon)
 13344 | D:10     | Found Eheuttar's Weapon Emporium.
 13827 | Lair:1   | Entered Level 1 of the Lair of Beasts
 14130 | D:8      | Learned a level 6 spell: Statue Form
 14223 | D:11     | Reached skill level 1 in Earth Magic
 14354 | D:11     | Noticed a purple ugly thing
 14371 | D:11     | Killed a purple ugly thing
 14555 | D:11     | Noticed a brown ugly thing
 14696 | D:11     | Killed a cyan ugly thing
 14734 | D:11     | Noticed a green ugly thing
 14745 | D:11     | Killed a green ugly thing
 14746 | D:11     | Noticed a skeletal warrior
 14827 | D:11     | Killed a skeletal warrior
 14827 | D:11     | Reached skill level 5 in Earth Magic
 14928 | D:11     | Noticed a skeletal warrior
 14928 | D:11     | Noticed a skeletal warrior
 14928 | D:11     | Noticed a skeletal warrior
 14950 | D:11     | Noticed a two-headed ogre
 15640 | Lair:1   | Reached skill level 7 in Transmutations
 15858 | Lair:1   | Reached XP level 12. HP: 68/80 MP: 21/24
 16408 | Lair:2   | Found a staircase to the Swamp.
 16440 | Lair:2   | Reached skill level 8 in Transmutations
 16771 | Lair:2   | Found a staircase to the Snake Pit.
 16903 | Lair:2   | Noticed a seven-headed hydra
 16911 | Lair:2   | Killed a seven-headed hydra
 17082 | Lair:2   | Reached skill level 9 in Transmutations
 17249 | Lair:2   | Bought a ration for 55 gold pieces
 17249 | Lair:2   | Bought a ration for 55 gold pieces
 17249 | Lair:2   | Bought a ration for 55 gold pieces
 17249 | Lair:2   | Bought a ration for 55 gold pieces
 17249 | Lair:2   | Bought a ration for 55 gold pieces
 17249 | Lair:2   | Bought a ration for 55 gold pieces
 17249 | Lair:2   | Bought a ration for 55 gold pieces
 17249 | Lair:2   | Bought a ration for 55 gold pieces
 17249 | Lair:2   | Bought a ration for 55 gold pieces
 17249 | Lair:2   | Bought a ration for 55 gold pieces
 17262 | Lair:2   | Found a sacrificial altar of Ru.
 17488 | Lair:2   | Noticed Sonja
 17500 | Lair:2   | Killed Sonja
 18379 | Lair:3   | Reached skill level 10 in Transmutations
 18927 | Lair:4   | Found a frozen archway.
 19134 | IceCv    | Entered an ice cave
 19361 | IceCv    | Reached XP level 13. HP: 61/84 MP: 22/26
 19571 | IceCv    | Reached skill level 10 in Earth Magic
 19878 | IceCv    | Noticed an ice dragon
 19878 | IceCv    | Noticed an ice dragon
 19899 | IceCv    | Killed an ice dragon
 19906 | IceCv    | Killed an ice dragon
 21253 | Lair:5   | Found a shimmering altar of Xom.
 21518 | Lair:5   | Reached skill level 11 in Transmutations
 21919 | Lair:5   | Found a viscous altar of Jiyva.
 21919 | Lair:5   | Found a staircase to the Slime Pits.
 21950 | Lair:5   | Noticed Nessos
 22774 | Lair:5   | Killed Nessos
 22937 | Lair:6   | Entered Level 6 of the Lair of Beasts
 23681 | Lair:6   | Bought an uncursed ring of wizardry for 360 gold pieces
 24443 | Lair:6   | HP: 5/103 [death yak (1)]
 24444 | Lair:6   | Slain by a death yak

Levels and vault maps discovered:
D:1:      lightli_arrival_maybe_door_vault, layout_loops_cross, minmay_tripent
D:2:      layout_basic, st_stairs_6, minmay_crystal_water, tso_altar,
          uniq_sigmund
D:3:      layout_loops_ring
D:4:      layout_loops_ring, nicolae_ru_awakened_eye,
          ashenzari_conservatory_becter, lemuel_crystal_altar,
          uniq_crazy_yiuf_cottage
D:5:      layout_rooms, kennysheep_ying_yang, first_ration,
          minmay_misc_feat_doors
D:6:      layout_gridville, grunt_temple_overflow_champion_of_chaos,
          grunt_temple_overflow_open, minmay_door_square, minmay_misc_feat_room,
          uniq_prince_ribbit1
D:7:      layout_loops_ring, marbit_many_paths, minmay_temple_entry_crystal_x,
          hellmonk_ghost_happy_afterlife, uniq_joseph
D:8:      layout_basic, dpeg_oklobed_lair, basic_altar,
          hangedman_little_slice_of_home, uniq_grum
D:9:      layout_small_grid, nicolae_overflow_hidden_temple
D:10:     layout_irregular_city, serial_shops, kennysheep_little_box,
          shop_coins, nicolae_shop_waterfront, nicolae_shop_stone
D:11:     giant_chief_lemuel, layout_irregular_city, gammafunk_ghost_arena
Lair:1:   layout_big_grid, minmay_stone_trees_small, minmay_lair_oklob_chamber
Lair:2:   layout_chaotic_city, swamp_mist, minmay_snake_entry_guardpost_large,
          lemuel_oklob_altar, uniq_sonja
Lair:3:   layout_misc_corridors
Lair:4:   layout_gridlike, portal_ice_cave_entry_ice_beasts,
          infiniplex_staircase_pool, serial_bayou_shore_a, grunt_megastairs_1
Lair:5:   layout_gridlike, slime_altar_1, basic_altar, uniq_nessos
Lair:6:   hangedman_lair_in_review, layout_long_grid, guppyfry_lair_end_dragon,
          uniq_urug

Skill      XL: |  1  2  3  4  5  6  7  8  9 10 11 12 13 |
---------------+----------------------------------------+-----
Spellcasting   | 3 4 5 7 9 |  9.4
Transmutations | 3 4 5 7 10 11 | 11.6
Stealth        | 2 |  2.0
Ice Magic      | 3 |  3.4
Fighting       | 3 4 6 7 |  7.1
Dodging        | 3 6 8 |  8.4
Unarmed Combat | 6 8 10 | 10.4
Charms         | 2 |  2.8
Earth Magic    | 7 9 10 | 10.0

Action                   |  1- 3 |  4- 6 |  7- 9 | 10-12 | 13-15 || total
-------------------------+-------+-------+-------+-------+-------++-------
Melee: Unarmed           |   119 |   121 |   263 |   626 |   243 ||  1372
       Constrict         |    23 |    16 |    12 |    11 |     7 ||    69
       Tentacles         |    13 |     9 |    14 |    12 |    13 ||    61
       Kick              |     8 |     3 |     2 |     1 |       ||    14
       Punch             |     1 |       |     3 |     4 |     5 ||    13
 Cast: Beastly Appendage |     9 |     6 |     3 |     2 |       ||    20
       Spider Form       |     1 |     8 |     5 |     2 |       ||    16
       Sticks to Snakes  |       |     2 |     2 |    23 |    17 ||    44
       Ice Form          |       |     1 |    21 |    60 |    17 ||    99
       Ozocubu's Armour  |       |       |       |    34 |     9 ||    43
       Statue Form       |       |       |       |       |     9 ||     9
       Blade Hands       |       |       |       |       |     2 ||     2
Invok: Potion Petition   |       |       |       |     1 |     1 ||     2
       Call Merchant     |       |       |       |     1 |     1 ||     2
 Abil: End Transformatio |       |     1 |     1 |       |     2 ||     4
       Evoke Berserk Rag |       |       |       |     1 |     1 ||     2
  Use: Potion            |       |       |     4 |       |     6 ||    10
       Scroll            |       |       |       |    22 |     3 ||    25
 Stab: Sleeping          |     5 |     9 |     5 |     8 |     2 ||    29
       Distracted        |       |       |     1 |     6 |     3 ||    10
       Petrified         |       |       |       |       |     3 ||     3
  Eat: Chunk             |     3 |    10 |     3 |       |       ||    16
       Ration            |       |       |     5 |    12 |     7 ||    24
Armor: Skin              |    10 |     4 |    36 |   110 |   137 ||   297
Dodge: Dodged            |    72 |    77 |    91 |   322 |   185 ||   747

Table legend:
 A = Non-vault XP
 B = Vault XP
 C = Vault XP percentage of total XP
 D = Non-vault monster count
 E = Vault monster count
 F = Vault count percentage of total count
                 A         B        C        D         E       F
            +---------+---------+-------+---------+---------+-------
      Total |   35344 |   18768 |  34.7 |     339 |      72 |  17.5
            +---------+---------+-------+---------+---------+-------
        D:1 |      43 |       4 |   8.5 |      25 |       2 |   7.4
        D:2 |      70 |     203 |  74.4 |      24 |       2 |   7.7
        D:3 |     107 |       0 |   0.0 |      24 |       0 |   0.0
        D:4 |     311 |      42 |  11.9 |      14 |       1 |   6.7
        D:5 |     902 |       0 |   0.0 |      21 |       0 |   0.0
        D:6 |     893 |     299 |  25.1 |      20 |       2 |   9.1
        D:7 |     815 |    1090 |  57.2 |      19 |       3 |  13.6
        D:8 |    2651 |     591 |  18.2 |      28 |      11 |  28.2
        D:9 |    1616 |       0 |   0.0 |      24 |       0 |   0.0
       D:10 |    2038 |       0 |   0.0 |      24 |       0 |   0.0
       D:11 |    3328 |       0 |   0.0 |      17 |       0 |   0.0
     Lair:1 |    3804 |       0 |   0.0 |      19 |       0 |   0.0
     Lair:2 |    5437 |    1281 |  19.1 |      26 |       4 |  13.3
     Lair:3 |    2140 |       0 |   0.0 |       8 |       0 |   0.0
     Lair:4 |    2423 |    1319 |  35.2 |      15 |      10 |  40.0
     Lair:5 |    4827 |    1115 |  18.8 |      18 |       1 |   5.3
     Lair:6 |    3939 |    7658 |  66.0 |      13 |      16 |  55.2
      IceCv |       0 |    5166 | 100.0 |       0 |      20 | 100.0
            +---------+---------+-------+---------+---------+-------
